 Dungeon Crawl Stone Soup version 0.32-a0-520-g344ed53f66 (webtiles) character file.

Game seed: 2729580712630100188

33 lunkers the Cudgeller (level 3, -3/29 HPs)
             Began as a Mountain Dwarf Reaver on Feb 27, 2024.
             Slain by a ribbon worm (8 damage)
             ... on level 2 of the Dungeon.
             The game lasted 00:01:04 (704 turns).

lunkers the Cudgeller (Mountain Dwarf Reaver)        Turns: 704, Time: 00:01:04

Health: -3/29      AC:  3    Str: 16    XL:     3   Next: 12%
Magic:  5/5        EV:  6    Int: 13    God:
Gold:   69         SH:  0    Dex:  8    Spells: 4/5 levels left

rFire   . . .        a - +0 mace
rCold   . . .        (no shield)
rNeg    . . .        b - +0 leather armour
rPois   .            (no helmet)
rElec   .            (no cloak)
rCorr   .            (no gloves)
SInv    .            (no boots)
Will    .....        (no amulet)
Stlth   +            (no ring)
HPRegen 0.24/turn    (no ring)
MPRegen 0.09/turn

%: no passive effects
@: held
A: runic magic, artefact enchanting
a: no special abilities


You were on level 2 of the Dungeon.
You visited 1 branch of the dungeon, and saw 2 of its levels.

You collected 69 gold pieces.

Inventory:

Hand Weapons
 a - a +0 mace (weapon)
Armour
 b - a +0 leather armour (worn)
Scrolls
 c - a scroll of silence {unknown}
 d - a scroll of revelation {unknown}
 f - a scroll of fear {unknown}
 g - 2 scrolls of immolation {unknown}
 h - a scroll of identify {unknown}
Potions
 e - a potion of curing {unknown}


   Skills:
 - Level 2.1 Fighting
 + Level 5.2 Maces & Flails
 - Level 1.3 Dodging
 - Level 1.7 Spellcasting
 - Level 2.6 Conjurations


You had 4 spell levels left.
You knew the following spells:

 Your Spells              Type           Power      Damage    Failure   Level
p - Kiss of Death         Conj/Necr      16%        2d6       16%         1

Your spell library contained the following spells:

 Spells                   Type           Power      Damage    Failure   Level
 Magic Dart               Conj           32%        1d4       9%          1
 Momentum Strike          Conj/Tloc      8%         3d8       24%         2
 Blink                    Tloc           2%         N/A       38%         2
 Call Imp                 Summ           2%         N/A       38%         2
 Hailstorm                Conj/Ice       4%         3d5       43%         3


Dungeon Overview and Level Annotations

Branches:
Dungeon (2/15)

Altars:


Innate Abilities, Weirdness & Mutations

Your spellcasting is much less encumbered by armour.
You can use scrolls of enchantment on lesser artefacts.


Message History

The web tears apart.
The ribbon worm bites you.
Things that are here:
a +0 dagger; 2 stones; a kobold corpse You hit the ribbon worm.
The ribbon worm is lightly wounded.
The ribbon worm bites you but does no damage.
You completely miss the ribbon worm.
The ribbon worm is lightly wounded.
The ribbon worm barely misses you.
You hit the ribbon worm.
The ribbon worm is lightly wounded.
The ribbon worm bites you.
* * * LOW HITPOINT WARNING * * *
You hit the ribbon worm.
The ribbon worm is moderately wounded.
The ribbon worm bites you.
* * * LOW HITPOINT WARNING * * *
You hit the ribbon worm.
The ribbon worm is heavily wounded.
The ribbon worm barely misses you.
Unknown command.
You hit the ribbon worm.
The ribbon worm is severely wounded.
The ribbon worm bites you.
* * * LOW HITPOINT WARNING * * *
You hit the ribbon worm but do no damage.
The ribbon worm is heavily wounded.
Unknown command.
You sock the ribbon worm!
The ribbon worm is almost dead.
The ribbon worm expels a string of sticky webbing.
The stream of webbing hits you but does no damage.
You are caught in a web!
You struggle to detach yourself from the web.
The ribbon worm bites you.
* * * LOW HITPOINT WARNING * * *
You struggle to detach yourself from the web.
The ribbon worm bites you!
You die...

#.. #.# ### #.# #..
#.# #.# #.# #.# #.#
#.# #.# #
###.###†###.#..#
..........@w...#
###.###.###.......#
#.###.# ###......
#.##..# .!....
#.##.## ......
#<##.# #....
#.##.## #.##
#.....# ####..#


You could see a ribbon worm (catching breath).

Vanquished Creatures
  3 ball pythons
  An endoplasm (D:1)
  3 goblins (D:1)
  5 hobgoblins (D:1)
  6 jackals (D:1)
  3 kobolds
  3 bats
  A frilled lizard (D:1)
  4 rats (D:1)
29 creatures vanquished.

Notes
Turn   | Place    | Note
-------+----------+-------------------------------------------
     0 | D:1      | lunkers the Mountain Dwarf Reaver began the quest for the
                  | Orb.
     0 | D:1      | Reached XP level 1. HP: 17/17 MP: 3/3
    90 | D:1      | Reached skill level 4 in Maces & Flails
   113 | D:1      | Reached XP level 2. HP: 13/23 MP: 4/4
   515 | D:1      | Reached skill level 5 in Maces & Flails
   542 | D:1      | Reached XP level 3. HP: 29/29 MP: 5/5
   704 | D:2      | Slain by a ribbon worm

Illustrated notes

Levels and vault maps discovered:
D:1:      wander_arrival_estate, layout_rooms, wad_floor_pattern_2,
          minmay_unequal
D:2:      layout_loops_ring, minmay_misc_feat_tiny

Skill      XL: |  1  2 |
---------------+-------+-----
Maces & Flails | 4 5 |  5.2
Fighting       | |  2.1
Dodging        | |  1.3
Spellcasting   | |  1.7
Conjurations   | |  2.6

Action                     || total
---------------------------++-------
  Melee: Mace              ||    95
   Cast: Kiss of Death     ||     1
 Armour: Leather armour    ||    85
  Dodge: Dodged            ||    67

Table legend: (Time is in decaauts)
 A = Elapsed time spent in this place.
 B = Non-inter-level travel time spent in this place.
 C = Inter-level travel time spent in this place.
 D = Time resting spent in this place.
 E = Time spent auto-exploring this place.
 F = Levels seen in this place.
 G = Mean time per level.
                   A        B        C        D        E       F      G
               +--------+--------+--------+--------+--------+-----+--------+
         Total |    720 |    720 |      0 |      0 |    515 |   2 |  360.0 |
       Dungeon |    720 |    720 |      0 |      0 |    515 |   2 |  360.0 |
               +--------+--------+--------+--------+--------+-----+--------+

Top non-repeatable levels by time:
     D:1: 675 daAuts
     D:2: 45 daAuts
